Description

ESL Open Cup 124 Korea 2022-05-22 Grand Finals, ByuN v Dark, Game 1

More info at LowkoTV YT

VOD

https://www.youtube.com/watch?v=Wgl-beRNXKM

Build Order

Get SALT Encoding   

  13  0:12  Overlord  
  16  0:40  Spawning Pool  
  17  1:11  Hatchery  
  16  1:12  Extractor  
  16  1:27  Zergling x6  
  19  1:31  Roach Warren  
  19  1:47  Queen  
  21  1:55  Overlord  
  21  2:13  Roach x2  
  25  2:23  Roach x2  
  29  2:33  Roach  
  31  2:42  Overlord  
  31  2:43  Drone  
  32  2:48  Queen  
  34  2:53  Ravager  
  35  2:55  Drone x8  
  43  3:26  Ravager  
  43  3:29  Drone  
Spawning Tool Build Advisor. Get it on Overwolf

Analysis

Dark countered a double proxy barracks building 6 early lings and marched across the map with roaches.

16 pool, 19 roach warren at 1:32

Started pumping roaches at 2:14

First roaches started arriving at 3:19 and immediately started pushing while the rest of them walked across and joined the push

Last roach arrives at 3:34

Go to:

Details

  • Created by: Kinetic
  • Published on: Jun 02, 2022
  • Modified on: Jun 02, 2022
  • Patch: 4.11.0
  • Difficulty: Hard
Show
View Real Time Build Order
Export as new Build Order

Comments (0)

There are no comments. Be the first!

Create an account to comment!